Unix NetHack Version 3.7.0-89 Work-in-progress - last build Sep 24 2023 19:26:52 (48e034876007844a536bf88644040a71d2893410,branch:master). Game began 2023-10-08 08:39:46, ended 2023-10-08 09:30:01. spontiff, neutral male gnomish Healer --- ------- ## ------------ . .....|#########...........| --------. -...|# # |.....<....| |...|..|.------- |....# |..........| | |(..|..|.|.....| |...|# ...........| |.---|.@.|-|-.|.._..|-+- |...|# |..........| |....-|---....|.....|..-+---...| ------------ |.............|.....|..........| ............{.----|--.{........| |............................... |...-|---+--...........--|--...| |.. |%..| ----.-------|...|...| |.. |*..| |.- |.)(|...| |. |[..| -.| |.$(|...| |. ----- --.- -----...| | . ...| --- ----- Spontiff the Rhizotomist St:7 Dx:13 Co:16 In:14 Wi:15 Ch:17 Neutral S:260 Dlvl:6 $:0 HP:0(27) Pw:6(6) AC:-6 Xp:1/0 T:3283 Burdened Blind Latest messages: The large dog drops a candle. You hear the splashing of a naiad. You stop. Your large dog is in the way! You see here a candle (for sale, 8 zorkmids). "For you, most gracious sir; only 8 zorkmids for this candle." You have a little trouble lifting A - a candle (unpaid, 8 zorkmids) (6 in total). You see here 5 candles (for sale, 75 zorkmids). "For you, honored sir; only 15 zorkmids per candle." You have a little trouble lifting B - 5 candles (unpaid, 75 zorkmids). What do you want to drop? [$a-df-qs-zA-CJ-LQS-Z or ?*] 1 Count: 1 $ You drop a gold piece. You have established 1 zorkmid credit. You drop 3 candles (unpaid, 30 zorkmids). You drop 6 candles (unpaid, 48 zorkmids). You drop 5 candles (unpaid, 75 zorkmids). What do you want to use or apply? [afjkos-uxzCS or ?*] o You produce a strange whistling sound. Your large dog shifts location. What do you want to use or apply? [afjkos-uxzCS or ?*] o You produce a strange whistling sound. Your large dog shifts location. What do you want to put on? [t or ?*] t You are now wearing a blindfold named PoSl. You can't see any more. Wait! There's something there you can't see! You begin bashing monsters with your cream pie. You miss it. Wait! There's something there you can't see! It gets angry! You hear a nearby zap. The wand hits you! The wand misses it. You hear a nearby zap. The wand misses you. #doh: unknown extended command. What do you want to zap? [uCS or ?*] S In what direction? h The sleep ray misses it. The sleep ray misses it. The sleep ray hits you! You don't feel sleepy. The sleep ray hits you! You don't feel sleepy. You hear a nearby zap. The wand hits you! You die... Izchak takes all your possessions. Do you want to see what you had when you died? [ynq] (y) y Do you want to see the dungeon overview? [ynq] (y) y Inventory: Armor h - an uncursed +0 orcish helm (being worn) g - an uncursed +1 pair of leather gloves (being worn) v - a blessed +0 pair of iron shoes (being worn) q - a blessed +1 dwarvish cloak (being worn) d - an uncursed +0 leather armor (being worn) Comestibles y - an uncursed apple b - an uncursed cram ration a - a cursed cream pie (wielded) n - a cursed food ration p - a cursed tripe ration i - a cursed lizard corpse Scrolls Y - a cursed scroll of create monster U - an uncursed scroll of enchant armor Q - an uncursed scroll of enchant weapon Z - a cursed scroll of food detection J - 2 uncursed scrolls of light X - a cursed scroll of magic mapping K - a cursed scroll of taming Potions m - an uncursed potion of booze L - an uncursed potion of fruit juice l - an uncursed potion of hallucination c - a blessed potion of healing T - a blessed potion of healing V - a cursed potion of healing W - a blessed potion of levitation Wands u - an uncursed wand of digging (0:3) S - an uncursed wand of sleep (0:5) C - a cursed wand of striking (0:5) Tools f - an uncursed sack containing 24 items t - an uncursed blindfold named PoSl (being worn) k - an uncursed credit card z - an uncursed leash o - an uncursed magic whistle x - a cursed oil lamp named cursed s - an uncursed stethoscope Gems/Stones j - an uncursed touchstone Contents of the sack: a cursed amulet of life saving an uncursed +0 dart a cursed very rotted +1 pair of leather gloves a cursed +0 pair of speed boots 7 cursed apples a cursed cram ration 2 cursed tripe rations a cursed tin of leprechaun meat a cursed scroll of blank paper 2 cursed scrolls of identify an uncursed potion of booze 3 cursed potions of extra healing an uncursed potion of water 2 potions of unholy water an uncursed ring of fire resistance a cursed -1 ring of protection an uncursed ring of see invisible a cursed ring of teleportation an uncursed wand of digging (0:6) a cursed wand of sleep (0:0) a cursed magic whistle an uncursed amethyst stone a cursed opal a cursed luckstone Spontiff the Healer's attributes: Background: You were a Rhizotomist, a level 1 male gnomish Healer. You were neutral, on a mission for Hermes who was opposed by Athena (lawful) and Poseidon (chaotic). You were in the Gnomish Mines, on level 6. You entered the dungeon 3283 turns ago. You had 0 experience points, 20 were needed to attain level 2. Your score was 260 before end-of-game adjustments. Basics: You had 0 out of 27 hit points. You had all 6 energy points (spell power). Your armor class was -6. Your wallet was empty. Autopickup was on, but temporarily disabled while inside the shop. Final Characteristics: Your strength was 7 (limit:18/50). Your dexterity was 13 (limit:18). Your constitution was 16 (limit:18). Your intelligence was 14 (limit:19). Your wisdom was 15 (limit:18). Your charisma was 17 (limit:18). Final Status: You were deliberately blind. You were not hungry. You were burdened; movement was slightly slowed. You were wielding some food. Final Attributes: You were devoutly aligned. You were sleep resistant. You were poison resistant. You had infravision. You had a moderate defense bonus (+8). You were warded. You are dead. Miscellaneous: You encountered 1 bones level. Total elapsed playing time was 50 minutes and 15 seconds. Major events: Turn 1: spontiff the neutral male gnomish Healer entered the dungeon 820: entered the Gnomish Mines 2883: reached Mine Town 3283: killed by a wand Vanquished creatures: a ghost an owlbear a shrieker a gnomish wizard 5 dwarves a homunculus a kobold shaman 2 orc zombies a wererat an iguana 2 acid blobs 2 coyotes 5 hobbits a hobgoblin 3 giant rats a cave spider a brown mold 2 yellow molds a green mold 2 red molds 9 gnomes 3 gnome zombies 7 geckos 6 jackals 2 foxes 2 kobolds 4 goblins 5 sewer rats 13 grid bugs 7 lichens 15 newts 108 creatures vanquished. No species were genocided or became extinct. Voluntary challenges: You were a pacifist. You read items or engraved 1 time. You never engraved Elbereth. You never genocided any monsters. You never polymorphed an object. You never changed form. You used no wishes. Achievements: You entered the Gnomish Mines. You entered Minetown. You entered a shop. You entered a temple. The Dungeons of Doom: levels 1 to 3 Level 1: A fountain. Level 2: Stairs down to The Gnomish Mines. Level 3: The Gnomish Mines: levels 3 to 6 Level 3: Level 4: Level 5: "bones" A grave. Final resting place for LoadedDice-Hea-Gno-Mal-Neu, killed by an owlbear. Level 6: <- You were here. Many shops, a temple, some fountains. Final resting place for you, killed by a wand. Game over: ---------- / \ / REST \ / IN \ / PEACE \ / \ | spontiff | | 0 Au | | killed by a wand | | | | | | | | 2023 | *| * * * | * _________)/\\_//(\/(/\)/\//\/|_)_______ Goodbye spontiff the Healer... You died in The Gnomish Mines on dungeon level 6 with 260 points, and 0 pieces of gold, after 3283 moves. You were level 1 with a maximum of 27 hit points when you died.